Map: Miner Evacuation

Players

DreadBonney

  • Race: Zerg Zerg
  • League: Silver
  • Spawn Location: 7:00

Whoping

  • Race: Terran Terran
  • Spawn Location: 7:00

VOD

Have the link to the VOD?

Description

Time

  • Played on: Feb. 7, 2018, 11:54 a.m.
  • Length: 25:58
Show
View Real Time Build Order
Export as new Build Order

DreadBonney Zerg 

Build Orders:  

Get SALT Encoding   

  6  0:10  Drone x2  
  6  0:18  Drone x2  
  8  0:23  Extractor  
  7  0:36  Drone x2  
  8  1:02  Spawning Pool  
  8  1:11  Drone x2  
  9  1:37  Baneling Nest  
  8  1:43  Extractor  
  8  1:49  Overlord  
  8  1:54  Lair, Drone x2  
  8  1:55  Drone x2  
  10  2:17  Baneling x4  
  10  2:34  Drone x4  
  14  2:47  Baneling x4  
  14  3:07  Evolution Chamber  
  15  3:11  Evolution Chamber  
  15  3:17  Baneling x4  
  15  3:38  Overlord  
  17  3:41  Zergling x10  
  17  3:47  Baneling x4  
  22  4:04  Medusa Blades  
  24  4:17  Baneling x4  
  22  4:36  Aberration x2  
  27  4:47  Baneling x4  
  27  5:02  Overlord x2, Heroic Fortitude  
  27  5:06  Protective Cover  
  29  5:17  Baneling x4  
  29  5:39  Hive  
  31  5:42  Drone x12  
  31  5:47  Baneling x4  
  37  6:01  Baneling x2  
  37  6:07  Scourge Nest  
  38  6:10  Scourge Nest  
  38  6:17  Baneling x4  
  38  6:26  Baneling x2  
  37  6:47  Baneling x4  
  34  6:50  Aberration x2  
  42  7:17  Baneling x4  
  44  7:41  Baneling x2  
  44  7:47  Baneling x4  
  44  8:05  Baneling x2  
  43  8:17  Baneling x4  
  42  8:47  Baneling x4  
  42  8:56  Extractor  
  41  9:04  Extractor  
  41  9:07  Hatchery  
  42  9:17  Baneling x4  
  44  9:47  Baneling x3  
  44  9:48  Baneling  
  44  9:57  Zergling x2  
  45  10:07  Overlord x5  
  47  10:14  Centrifical Hooks  
  47  10:16  Drone x2  
  47  10:17  Baneling x4, Drone x2  
  49  10:24  Virulent Spores, Simplified Genome  
  49  10:26  Zerg Ground Armor Level 1  
  49  10:27  Zerg Melee Weapons Level 1  
  51  10:45  Spawning Pool  
  51  10:47  Baneling x4  
  51  10:52  Drone x6  
  56  11:17  Baneling x4  
  56  11:24  Zerg Flyer Weapons Level 1, Zerg Flyer Armor Level 1  
  58  11:45  Drone x2  
  58  11:46  Drone x18  
  58  11:47  Baneling x4  
  68  11:53  Shredding Claws  
  68  11:58  Zergling x4  
  72  12:17  Baneling x4  
  72  12:19  Scourge x12  
  78  12:21  Metabolic Boost  
  80  12:47  Baneling x4  
  78  12:54  Hardened Carapace  
  77  13:04  Roach x14  
  77  13:05  Roach x6  
  78  13:17  Baneling x4  
  76  13:21  Adrenal Overload  
  75  13:35  Scourge x2  
  75  13:36  Scourge x20  
  87  13:46  Scourge x2  
  87  13:47  Baneling x4  
  84  13:58  Scourge x2  
  84  13:59  Scourge x4  
  83  14:09  Scourge x2  
  84  14:17  Baneling x4  
  81  14:35  Zergling x12  
  89  14:47  Baneling x4  
  89  14:58  Overlord x4  
  85  15:17  Baneling x4  
  77  15:30  Zergling x10  
  77  15:31  Zergling x2  
  85  15:47  Baneling x4  
  35  16:10  Zergling x16  
  35  16:16  Drone x4  
  35  16:17  Baneling x4  
  45  16:23  Hatchery  
  45  16:25  Hatchery  
  45  16:27  Hatchery  
  44  16:33  Hatchery  
  44  16:34  Pneumatized Carapace, Ventral Sacs  
  40  16:47  Baneling x4  
  40  16:51  Scourge x12  
  46  17:09  Zerg Melee Weapons Level 2, Zerg Ground Armor Level 2  
  48  17:11  Zerg Flyer Weapons Level 2, Zerg Flyer Armor Level 2  
  48  17:15  Zergling x8  
  48  17:17  Baneling x4  
  54  17:43  Aberration x11  
  54  17:44  Aberration x2  
  54  17:47  Baneling x4  
  83  18:08  Zergling x14  
  83  18:09  Zergling x14  
  92  18:12  Baneling x2  
  92  18:14  Baneling x2  
  92  18:15  Baneling x2  
  92  18:16  Baneling x2  
  92  18:17  Scourge x6, Baneling x4  
  92  18:18  Scourge x6  
  92  18:19  Baneling x2  
  98  18:20  Baneling x2  
  98  18:23  Scourge x2  
  98  18:24  Scourge x2  
  98  18:27  Baneling x2  
  74  18:44  Baneling x2  
  74  18:47  Baneling x4  
  61  19:17  Baneling x4  
  59  19:25  Zergling x8  
  59  19:26  Zergling x32  
  59  19:27  Zergling x32  
  95  19:48  Baneling x4  
  95  19:50  Baneling  
  95  19:51  Baneling x13  
  95  19:52  Baneling x7  
  95  19:55  Scourge x2  
  95  19:56  Scourge x8  
  99  20:18  Baneling x4  
  96  20:28  Scourge x16  
  96  20:29  Scourge x8  
  99  20:37  Baneling x2  
  97  20:48  Baneling x4  
  93  20:54  Zergling x18  
  92  21:11  Zerg Melee Weapons Level 3, Zerg Ground Armor Level 3  
  92  21:13  Zerg Flyer Armor Level 3, Zerg Flyer Weapons Level 3  
  92  21:18  Baneling x4  
  87  21:20  Overseer  
  87  21:28  Baneling x2  
  86  21:38  Scourge x2  
  86  21:39  Zergling x28  
  98  21:40  Zergling x2  
  98  21:45  Overseer x6  
  98  21:46  Overseer x2  
  98  21:48  Baneling x4  
  79  22:18  Baneling x8  
  64  22:48  Baneling x4  
  60  22:57  Zergling x16  
  60  22:58  Zergling x28  
  60  22:59  Zergling x26  
  90  23:18  Baneling x4  
  72  23:47  Scourge x8  
  72  23:48  Scourge x34, Baneling x4  
  72  23:49  Scourge x8  
  88  24:00  Roach x14  
  88  24:01  Roach x6  
  76  24:14  Aberration x5  
  76  24:18  Baneling x4  
  75  24:24  Baneling x2  
  75  24:26  Baneling x2  
  75  24:38  Baneling x2  
  75  24:39  Baneling x2  
  76  24:48  Baneling x4  
  63  25:02  Zergling x2  
  63  25:03  Zergling x38  
  63  25:04  Zergling x14  
  89  25:18  Baneling x4  
Show
View Real Time Build Order
Export as new Build Order

Whoping Terran 

Build Orders:  

Get SALT Encoding   

  12  0:06  SCV  
  13  0:23  SCV  
  13  0:27  Supply Depot  
  5  0:40  SCV  
  15  0:55  Factory  
  15  0:59  SCV  
  16  1:16  SCV  
  17  1:33  SCV, Supply Depot  
  19  1:50  SCV, Refinery  
  19  2:07  SCV  
  20  2:22  Refinery  
  20  2:24  SCV  
  20  2:28  Factory Tech Lab  
  22  2:41  SCV  
  22  2:56  Perdition Turret  
  22  2:58  SCV  
  23  3:06  Factory  
  23  3:15  SCV  
  24  3:25  Supply Depot  
  24  3:27  Siege Tank  
  28  3:32  SCV  
  28  3:49  SCV  
  29  4:06  SCV  
  30  4:23  SCV  
  30  4:29  Perdition Turret  
  31  4:33  Perdition Turret  
  31  4:38  Siege Tank  
  34  4:51  Armory  
  34  4:55  Armory  
  34  5:03  Perdition Turret  
  34  5:10  Perdition Turret  
  34  5:14  Factory Tech Lab, Perdition Turret x2  
  34  5:16  Siege Tank  
  34  5:18  Perdition Turret  
  37  5:21  Perdition Turret  
  37  5:23  Perdition Turret  
  37  5:26  Perdition Turret  
  38  5:31  SCV  
  38  5:33  Perdition Turret  
  38  5:42  Perdition Turret  
  38  5:48  Starport  
  38  5:49  SCV  
  39  5:50  Perdition Turret  
  39  5:55  Perdition Turret  
  39  5:57  Perdition Turret  
  39  6:00  Supply Depot  
  39  6:03  Perdition Turret  
  39  6:08  Supply Depot  
  39  6:16  Siege Tank  
  42  6:28  Perdition Turret  
  38  6:43  Siege Tank  
  38  6:45  Factory Tech Lab  
  38  6:46  Siege Tank, Perdition Turret  
  38  6:49  Starport Tech Lab  
  38  6:52  Terran Vehicle And Ship Armor Level 1, Terran Vehicle and Ship Weapons Level 1  
  38  7:07  Armory  
  38  7:12  Supply Depot  
  38  7:28  Siege Tank  
  41  8:11  Hercules  
  44  9:04  Siege Tank  
  44  9:05  Siege Tank  
  50  9:11  Regenerative Bio-Steel  
  50  9:35  Factory  
  50  10:03  Terran Vehicle and Ship Weapons Level 2  
  50  10:04  Terran Vehicle And Ship Armor Level 2  
  50  10:37  Upgrade Laser Drill Level 1  
  50  10:41  Command Center  
  50  10:46  SCV  
  51  11:06  Goliath x2  
  55  11:23  Hercules  
  55  11:25  Refinery  
  55  11:26  Refinery  
  58  11:38  Siege Tank  
  61  11:50  Maelstrom Rounds  
  62  12:12  SCV  
  62  12:28  SCV  
  63  12:32  Siege Tank x2  
  63  12:35  Factory Tech Lab  
  70  12:42  SCV  
  70  12:45  SCV  
  71  12:52  Supply Depot  
  71  12:53  Supply Depot  
  71  12:54  Supply Depot  
  71  12:59  SCV  
  73  13:02  SCV  
  73  13:16  SCV  
  73  13:19  SCV  
  72  13:32  SCV  
  72  13:36  SCV  
  74  13:45  Siege Tank x2  
  74  13:46  Siege Tank  
  74  13:49  SCV  
  69  14:21  Siege Tank x3  
  80  14:32  SCV x2  
  80  14:33  Perdition Turret  
  80  14:35  Perdition Turret  
  80  14:48  SCV  
  80  14:49  SCV  
  82  14:51  Perdition Turret  
  82  14:57  Siege Tank x2, Terran Vehicle and Ship Weapons Level 3  
  88  15:08  Perdition Turret  
  89  15:22  Terran Vehicle And Ship Armor Level 3  
  86  15:54  SCV, Siege Tank  
  86  15:55  SCV, Siege Tank  
  93  16:11  SCV x2  
  93  16:12  Siege Tank  
  96  16:28  SCV  
  97  16:30  Siege Tank  
  100  17:18  Supply Depot x2  
  100  17:21  Supply Depot  
  100  17:22  Supply Depot  
  100  17:24  Supply Depot  
  100  17:26  Upgrade Laser Drill Level 2  
  100  17:38  Advanced Optics  
  100  17:48  Siege Tank x2  
  106  17:51  Siege Tank  
  106  17:53  Supply Depot  
  106  17:55  Supply Depot  
  106  17:57  Supply Depot  
  109  18:01  330mm Barrage Cannon  
  109  18:24  Thor  
  115  18:34  Siege Tank  
  115  18:35  Siege Tank  
  118  19:08  Hercules  
  121  19:22  Siege Tank  
  121  19:23  Siege Tank  
  121  19:24  Supply Depot, Thor  
  121  19:26  Supply Depot x2  
  121  19:29  Supply Depot x2  
  130  19:40  Hercules  
  133  20:08  Siege Tank  
  133  20:09  Siege Tank  
  139  20:29  Siege Tank  
  142  20:44  Siege Tank  
  142  20:45  Siege Tank  
  148  21:05  Siege Tank  
  143  21:19  Siege Tank  
  140  21:21  Siege Tank  
  146  21:41  Siege Tank  
  146  21:43  Science Vessel  
  151  21:55  Siege Tank  
  154  22:12  Siege Tank  
  154  22:17  Siege Tank x2  
  160  22:31  Siege Tank  
  163  22:59  Siege Tank x2  
  169  23:23  Siege Tank  
  169  23:35  Siege Tank  
  169  24:38  Siege Tank x2  
  169  24:39  Siege Tank  
  178  24:42  Hercules  
Tags
 
Add a new tag
Caveats
  • Supply blocks, unpowered buildings, or Contaminate may cause inaccurate times.
  • Supply counts are checked every 10 seconds.